 Dungeon Crawl Stone Soup version 0.25.1-2-g60ff931df9 (webtiles) character file.

Game seed: 16396929905903500209

41 Martska the Changer (level 3, -3/31 HPs)
             Began as a Naga Transmuter on Oct 14, 2020.
             Slain by an iguana (8 damage)
             ... on level 2 of the Dungeon.
             The game lasted 00:02:47 (1756 turns).

Martska the Changer (Naga Transmuter)               Turns: 1756, Time: 00:02:47

Health: -3/31      AC:  2    Str: 12    XL:     3   Next: 52%
Magic:  0/6        EV: 19    Int: 14    God:
Gold:   72         SH:  0    Dex: 16    Spells: 2/6 levels left

rFire    . . .     SeeInvis +     - Unarmed
rCold    . . .     Gourm    .   (shield currently unavailable)
rNeg     . . .     Faith    .   (armour currently unavailable)
rPois    x         Spirit   +   (helmet currently unavailable)
rElec    .         Reflect  .   (cloak currently unavailable)
rCorr    .         Harm     .   (gloves currently unavailable)
MR       .....                  (no barding)
Stlth    +.........             o - amulet of guardian spirit
HPRegen  0.10/turn              (no ring)
MPRegen  0.10/turn              (no ring)

@: lethally poisoned (-3 -> -14), short of breath, spider-form (expiring)
A: tiny, see invisible, slow metabolism 1, spit poison 1, AC +1
a: Spit Poison, End Transformation


You were on level 2 of the Dungeon.
You were not hungry.
You were a venomous arachnid creature.
You visited 1 branch of the dungeon, and saw 2 of its levels.

You collected 72 gold pieces.

Inventory:

Hand Weapons
 e - a +0 short sword (melded)
Missiles
 a - 12 arrows
Armour
 b - a +0 robe (melded)
Jewellery
 o - an amulet of guardian spirit (around neck)
Scrolls
 c - a scroll of teleportation {unknown}
 h - 3 scrolls of identify {unknown}
 i - a scroll of enchant armour {unknown}
 l - a scroll of remove curse {unknown}
Potions
 f - 4 potions of berserk rage {unknown}
 g - 2 potions of brilliance {unknown}
 j - a potion of curing {unknown}
 k - a potion of mutation {unknown}
 m - 2 potions of lignification {unknown}
 n - a potion of haste {unknown}
Comestibles
 d - 5 rations
 p - a chunk of flesh


   Skills:
 - Level 1.0 Fighting
 - Level 1.5 Dodging
 - Level 3.0 Unarmed Combat
 - Level 2.0 Spellcasting
 * Level 3.8 Transmutations


You had 2 spell levels left.
You knew the following spells:

 Your Spells              Type           Power        Failure   Level  Hunger
a - Beastly Appendage     Tmut           ##....       14%         1    ##.....
b - Spider Form           Tmut/Pois      #.........   54%         3    ####...

Your spell library contained the following spells:

 Spells                   Type           Power        Failure   Level  Hunger
 Sticks to Snakes         Tmut           ##......     21%         2    ###....
 Ice Form                 Ice/Tmut       #.......     87%         4    #####..
 Blade Hands              Tmut           ##........   92%         5    ######.


Dungeon Overview and Level Annotations

Branches:
Dungeon (2/15)

Altars:


Innate Abilities, Weirdness & Mutations

You cannot wear boots.
((Your serpentine skin is tough. (AC +1)))
You have supernaturally acute eyesight. (SInv)
((Armour fits poorly on your strangely shaped body.))
((Your system is resistant to poisons. (rPois)))
((You cover ground very slowly.))
You have a slow metabolism.
You can spit poison.


Message History

The iguana barely misses you. The adder barely misses you.
Cast which spell? (? or * to list)
The spell is quite dangerous to cast (32% risk of failure)!
Continue anyway?
You turn into a venomous arachnid creature.
Your +0 short sword melds into your body.
Your +0 robe melds into your body.
The adder bites you.
You are poisoned.
The adder poisons you! The iguana bites you!
* * * LOW HITPOINT WARNING * * *
You hit the adder.
The adder is poisoned.
The adder is moderately wounded.
* * * LOW HITPOINT WARNING * * *
You feel sick. The adder barely misses you. The iguana barely misses you.
The adder bites you but does no damage.
You barely miss the adder.
The adder is heavily wounded.
Your transformation is almost over.
* * * LOW HITPOINT WARNING * * *
You feel sick. The iguana bites you!
You die...

...... #.# .....##.##
#.# ......... #.######
....#..# #.......
...#..#######...#
>.#..#.........#
#)#..#.#####...####
#S#..#.# ###..(..
#####ls....# #.....รท.
..........#######.#.###.
#######...............#.
#.#!#######.#.#... #.#..
.........## #.####
#.#..#.#... #.#
#.#......#. #.#
####.#.##.###. #.
.......##.....


You could see an iguana and an adder (poisoned).

Vanquished Creatures
  2 oozes
  A dart slug (D:1)
  A leopard gecko (D:1)
  A ball python (D:1)
  4 giant cockroaches
  2 goblins (D:1)
  3 hobgoblins
  2 bats
  2 frilled lizards (D:1)
  5 kobolds
  8 rats
31 creatures vanquished.

Notes
Turn   | Place    | Note
-------+----------+-------------------------------------------
     0 | D:1      | Martska the Naga Transmuter began the quest for the Orb.
     0 | D:1      | Reached XP level 1. HP: 18/18 MP: 3/3
   296 | D:1      | Reached XP level 2. HP: 23/25 MP: 5/5
  1050 | D:1      | Reached XP level 3. HP: 26/31 MP: 6/6
  1415 | D:2      | Learned a level 3 spell: Spider Form
  1756 | D:2      | Slain by an iguana

Illustrated notes

Levels and vault maps discovered:
D:1:      dpeg_arrival_brainrot, layout_rooms, serial_bayou_crossing
D:2:      layout_loops_ring

Skill      XL: |  1  2 |
---------------+-------+-----
Transmutations | 3 |  3.8
Fighting       | |  1.0
Dodging        | |  1.5
Unarmed Combat | |  3.0
Spellcasting   | |  2.0

Action                   || total
-------------------------++-------
Melee: Short sword       ||   111
       Unarmed           ||     3
       Punch             ||     2
 Cast: Spider Form       ||     1
 Abil: Spit Poison       ||    12
 Stab: Sleeping          ||     1
  Eat: Ration            ||     1
Armor: Robe              ||    23
       Skin              ||     1
Dodge: Dodged            ||    87
